[Event "ICC tourney 2375 (15 3)"]
[Site "Internet Chess Club"]
[Date "2021.02.06"]
[Round "1"]
[White "Stepaheadofu"]
[Black "dlevitin"]
[Result "0-1"]
[ICCResult "White checkmated"]
[WhiteElo "1631"]
[BlackElo "1087"]
[Opening "Caro-Kann defense"]
[ECO "B11"]
[NIC "CK.01"]
[Time "11:01:10"]
[PlyCount "126"]
[TimeControl "900+3"]

1. e4 c6 2. Nc3 e6 3. Nf3 d5 4. exd5 cxd5 5. d4 Nf6 6. Bg5 Be7 7. Bb5+ Nc6
8. Ne5 Bd7 9. O-O a6 10. Ba4 b5 11. Bb3 O-O 12. Qd3 h6 13. Bxf6 Bxf6 14.
Rfe1 Nxe5 15. dxe5 Be7 16. Ne2 a5 17. a3 f5 18. Nd4 Qb6 19. c3 Bc5 20. Bc2
b4 21. axb4 axb4 22. Rxa8 Rxa8 23. Rd1 bxc3 24. Qxc3 Ra2 25. Bb3 Ra8 26. f4
Rb8 27. Rd2 Bxd4+ 28. Rxd4 Qxb3 29. Qxb3 Rxb3 30. Rd2 Rb4 31. g3 Kf7 32.
Kf2 Ke7 33. Ke1 Bb5 34. Kd1 Re4 35. Kc1 Ba4 36. b3 Bxb3 37. Kb2 Bc4 38. Kc3
Re2 39. Rxe2 Bxe2 40. Kb4 g5 41. Kc5 gxf4 42. gxf4 Kf7 43. h4 Kg6 44. Kd6
d4 45. Kxe6 d3 46. Ke7 d2 47. e6 d1=Q 48. Kf8 Bb5 49. Ke7 Qe2 50. Kd6 Ba4
51. e7 Qe4 52. h5+ Kf6 53. e8=Q Bxe8 54. Kc5 Qd3 55. Kb4 Qc2 56. Ka5 Bxh5
57. Kb4 Ke6 58. Ka3 Kd5 59. Kb4 Kd4 60. Ka5 Qb1 61. Ka6 Kc5 62. Ka7 Kc6 63.
Ka8 Qb7# { White checkmated } 0-1

[Event "ICC tourney 2375 (15 3)"]
[Site "Internet Chess Club"]
[Date "2021.02.06"]
[Round "1"]
[White "StallionItalian"]
[Black "IveDoneEnough"]
[Result "0-1"]
[ICCResult "White resigns"]
[WhiteElo "1156"]
[BlackElo "1645"]
[Opening "Sicilian defense"]
[ECO "B30"]
[NIC "SI.31"]
[Time "11:00:36"]
[PlyCount "96"]
[TimeControl "900+3"]

1. e4 c5 2. Nf3 Nc6 3. Bc4 e6 4. Nc3 Nf6 5. d3 d5 6. exd5 exd5 7. Bb3 Be7
8. Bg5 d4 9. Bxf6 Bxf6 10. Qe2+ Be7 11. Nd5 Be6 12. Nxe7 Qxe7 13. Bxe6 Qxe6
14. Ng5 Qxe2+ 15. Kxe2 O-O 16. Ne4 Rfe8 17. Kd2 c4 18. Rhe1 cxd3 19. Kxd3
Nb4+ 20. Kd2 Rac8 21. Kd1 Nxc2 22. Nf6+ gxf6 23. Rxe8+ Rxe8 24. Kxc2 Re2+
25. Kd3 Rxf2 26. b4 Rxg2 27. Kxd4 Rxh2 28. a4 h5 29. b5 h4 30. Ke4 h3 31.
Kf3 Rb2 32. Rg1+ Kf8 33. Rg4 h2 34. Rh4 Ke7 35. Kg3 Kd6 36. b6 axb6 37. Kf3
Kc5 38. Ke3 f5 39. Kd3 b5 40. axb5 Kxb5 41. Kc3 Rg2 42. Kd3 Kc5 43. Ke3 b5
44. Kf3 Ra2 45. Ke3 b4 46. Kf4 b3 47. Kxf5 b2 48. Rxh2 b1=Q+ { White
resigns } 0-1

[Event "ICC tourney 2375 (15 3)"]
[Site "Internet Chess Club"]
[Date "2021.02.06"]
[Round "1"]
[White "TheSuperKing"]
[Black "drusdan"]
[Result "1/2-1/2"]
[ICCResult "Game drawn by mutual agreement"]
[WhiteElo "1710"]
[BlackElo "1401"]
[Opening "Sicilian: Labourdonnais-Löwenthal variation"]
[ECO "B32"]
[NIC "SI.32"]
[Time "11:00:37"]
[PlyCount "79"]
[TimeControl "900+3"]

1. e4 c5 2. Nf3 Nc6 3. d4 cxd4 4. Nxd4 e5 5. Nb3 Nf6 6. Nc3 Bb4 7. Bg5
Bxc3+ 8. bxc3 O-O 9. Qd6 Re8 10. Bxf6 Qxf6 11. Qxf6 gxf6 12. Bc4 a6 13. O-O
b5 14. Bd5 Bb7 15. Nc5 Bc8 16. a4 bxa4 17. Rxa4 a5 18. Rfa1 Ra7 19. Bxc6
dxc6 20. Rxa5 Rxa5 21. Rxa5 Rd8 22. Nd3 Kg7 23. Ra8 Rg8 24. g3 Bh3 25.
Rxg8+ Kxg8 26. f3 Be6 27. Kf2 Kg7 28. Ke3 Kg6 29. Nb4 c5 30. Nd3 c4 31. Nb4
h5 32. h4 f5 33. Nc6 Kf6 34. Nd8 fxe4 35. Nxe6 Kxe6 36. fxe4 f5 37. Kf3 Kf6
38. Ke3 Ke6 39. Kf3 Kf6 40. Ke3 { Game drawn by mutual agreement } 1/2-1/2

[Event "ICC tourney 2375 (15 3)"]
[Site "Internet Chess Club"]
[Date "2021.02.06"]
[Round "1"]
[White "lokesh888"]
[Black "Dayman"]
[Result "0-1"]
[ICCResult "White resigns"]
[WhiteElo "1058"]
[BlackElo "1623"]
[Opening "Scotch: Potter variation"]
[ECO "C45"]
[NIC "SO.05"]
[Time "11:01:00"]
[PlyCount "64"]
[TimeControl "900+3"]

1. e4 e5 2. Nf3 Nc6 3. d4 exd4 4. Nxd4 Bc5 5. Nb3 Bb6 6. Nc3 Qf6 7. Be3
Bxe3 8. fxe3 Nge7 9. g3 d6 10. Bb5 Bh3 11. Qd4 Qf3 12. Rg1 O-O 13. Bxc6
Nxc6 14. Qc4 Qxe3+ 15. Ne2 Ne5 16. Qc3 Nf3+ 17. Kd1 Qxc3 18. bxc3 Nxg1 19.
Nxg1 Bg4+ 20. Kd2 Rfe8 21. Kd3 Rad8 22. c4 c6 23. Na5 Rd7 24. Rb1 d5 25.
exd5 cxd5 26. Rxb7 dxc4+ 27. Kxc4 Re4+ 28. Kb3 Rxb7+ 29. Nxb7 Be6+ 30. Kb2
Rb4+ 31. Kc1 Rxb7 32. Ne2 Bxa2 { White resigns } 0-1

[Event "ICC tourney 2375 (15 3)"]
[Site "Internet Chess Club"]
[Date "2021.02.06"]
[Round "1"]
[White "anirudha-menon"]
[Black "RatislavK"]
[Result "1/2-1/2"]
[ICCResult "Game drawn by repetition"]
[WhiteElo "1769"]
[BlackElo "1482"]
[Opening "Four knights: Italian variation"]
[ECO "C47"]
[NIC "RG.01"]
[Time "11:00:29"]
[PlyCount "195"]
[TimeControl "900+3"]

1. e4 e5 2. Nf3 Nf6 3. Nc3 Nc6 4. Bc4 Nxe4 5. Nxe4 d5 6. Bxd5 Qxd5 7. Nc3
Qd8 8. d3 Be7 9. h3 O-O 10. O-O Re8 11. Re1 Bf6 12. Be3 b6 13. Ne4 Be7 14.
Nc3 Bb7 15. d4 exd4 16. Nxd4 Bf6 17. Nxc6 Bxc6 18. Qd2 Qxd2 19. Bxd2 Rad8
20. Rad1 Rxe1+ 21. Bxe1 Rxd1 22. Nxd1 Kf8 23. Bc3 Bxc3 24. Nxc3 Ke7 25. g3
h5 26. h4 f6 27. Kf1 a6 28. Ke2 Ke6 29. Ke3 Ke5 30. Ne2 g5 31. f4+ gxf4+
32. gxf4+ Kd6 33. Ng3 Be8 34. Ke4 Ke6 35. f5+ Kd6 36. b4 c5 37. a3 a5 38.
bxa5 bxa5 39. c3 a4 40. c4 Bf7 41. Kf4 Ke7 42. Ne4 Bxc4 43. Nxc5 Bb3 44.
Ke3 Kd6 45. Kd4 Bc2 46. Ne4+ Bxe4 47. Kxe4 Kc5 48. Kd3 Kd5 49. Kc3 Kc5 50.
Kd3 Kd5 51. Kc3 Ke5 52. Kb4 Kxf5 53. Kxa4 Kg4 54. Kb4 f5 55. a4 f4 56. a5
f3 57. a6 f2 58. a7 f1=Q 59. a8=Q Qb1+ 60. Kc3 Qc1+ 61. Kd4 Qd2+ 62. Ke5
Qe3+ 63. Kf6 Qf4+ 64. Kg6 Qf5+ 65. Kg7 Qe5+ 66. Kg6 Qe6+ 67. Kh7 Kxh4 68.
Qh1+ Qh3 69. Qf3 Qg4 70. Qh1+ Kg5 71. Qc1+ Qf4 72. Qg1+ Kf5 73. Qc5+ Kg4
74. Qg1+ Kh3 75. Qh1+ Kg4 76. Qg2+ Qg3 77. Qe4+ Kh3 78. Qh1+ Kg4 79. Qe4+
Kg5 80. Qg6+ Kh4 81. Qe4+ Kh3 82. Qf5+ Qg4 83. Qf1+ Kg3 84. Qg1+ Kf3 85.
Qd1+ Kf2 86. Qd2+ Qe2 87. Qf4+ Ke1 88. Qh4+ Kd2 89. Qg5+ Kc3 90. Qc5+ Kd2
91. Qg5+ Kd3 92. Qb5+ Ke3 93. Qe5+ Kf2 94. Qh2+ Ke1 95. Qg1+ Kd2 96. Qg5+
Ke1 97. Qg1+ Kd2 98. Qg5+ { Game drawn by repetition } 1/2-1/2

[Event "ICC tourney 2375 (15 3)"]
[Site "Internet Chess Club"]
[Date "2021.02.06"]
[Round "1"]
[White "UltimateDL"]
[Black "nuttysac"]
[Result "0-1"]
[ICCResult "White forfeits on time"]
[WhiteElo "1480"]
[BlackElo "1761"]
[Opening "French: advance, Paulsen attack"]
[ECO "C02"]
[NIC "FR.03"]
[Time "11:02:01"]
[PlyCount "88"]
[TimeControl "900+3"]

1. e4 e6 2. d4 d5 3. e5 c5 4. c3 Nc6 5. Nf3 cxd4 6. cxd4 Qb6 7. Be2 Bd7 8.
O-O f6 9. exf6 Nxf6 10. Nc3 Be7 11. Bb5 O-O 12. Bxc6 bxc6 13. b3 Rae8 14.
Bf4 c5 15. Ne2 cxd4 16. Nexd4 Bc5 17. Rc1 Bxd4 18. Qxd4 Qxd4 19. Nxd4 e5
20. Bxe5 Rxe5 21. Nf3 Re2 22. a4 Rfe8 23. Nd4 R2e4 24. Rfd1 R8e7 25. f3 Re3
26. Kf2 Ne8 27. Rc5 R3e5 28. Rdc1 g6 29. Ra5 Bf5 30. Rcc5 Nf6 31. g4 Bxg4
32. fxg4 Ne4+ 33. Kf3 Nxc5 34. Rxc5 Rf7+ 35. Kg2 Rf4 36. Rc8+ Kg7 37. Rc7+
Kh6 38. Nc6 Rxg4+ 39. Kf3 Ree4 40. b4 Rgf4+ 41. Kg3 g5 42. Rd7 Re3+ 43. Kg2
a5 44. bxa5 Rxa4 { White forfeits on time } 0-1

[Event "ICC tourney 2375 (15 3)"]
[Site "Internet Chess Club"]
[Date "2021.02.06"]
[Round "1"]
[White "nov-s"]
[Black "Aladdin1962"]
[Result "0-1"]
[ICCResult "White checkmated"]
[WhiteElo "1291"]
[BlackElo "1707"]
[Opening "Sicilian: Taimanov variation"]
[ECO "B49"]
[NIC "SI.39"]
[Time "11:00:48"]
[PlyCount "154"]
[TimeControl "900+3"]

1. e4 c5 2. Nf3 Nc6 3. d4 cxd4 4. Nxd4 e6 5. Nc3 a6 6. Be3 Qc7 7. Be2 Nf6
8. f3 h5 9. O-O Bd6 10. h3 Bf4 11. Qd2 Bg3 12. f4 h4 13. f5 b5 14. a3 Bb7
15. Bf3 Ne5 16. Qe2 Rc8 17. fxe6 dxe6 18. Bf2 Nc4 19. Rab1 Nxa3 20. Ra1 Nc4
21. Ra2 Nxb2 22. Ncxb5 axb5 23. Nxb5 Qc4 24. Rxb2 Qxe2 25. Bxe2 Bxf2+ 26.
Rxf2 Nxe4 27. Nd6+ Nxd6 28. Rb6 Ke7 29. Bd3 Rc6 30. Rb1 Rh6 31. Rf4 f5 32.
Rfb4 Rc7 33. Kf1 Be4 34. Bxe4 Nxe4 35. R1b2 Rg6 36. c4 Rg3 37. Kg1 Rc3 38.
Rb1 Kf6 39. Rb8 R3xc4 40. Rf8+ Ke5 41. Rh8 g5 42. Rf1 Rc1 43. Ra8 Rxf1+ 44.
Kxf1 Rc2 45. Ra5+ Kf4 46. Ra3 Ng3+ 47. Ke1 e5 48. Rf3+ Ke4 49. Ra3 Rxg2 50.
Ra4+ Kf3 51. Ra3+ Kf4 52. Ra4+ e4 53. Ra3 g4 54. hxg4 fxg4 55. Ra8 h3 56.
Rf8+ Nf5 57. Rh8 h2 58. Kf1 Ne3+ 59. Ke1 Kg3 60. Rh7 Rg1+ 61. Ke2 h1=Q 62.
Rxh1 Rxh1 63. Kd2 Nd5 64. Kc2 Kf2 65. Kb2 Ke3 66. Ka2 Kd2 67. Kb3 Kd3 68.
Ka4 Rb1 69. Ka3 Kc2 70. Ka4 Ne3 71. Ka5 Kc3 72. Ka6 Kc4 73. Ka7 Kc5 74. Ka8
Kc6 75. Ka7 Nc2 76. Ka8 Kc7 77. Ka7 Ra1# { White checkmated } 0-1

[Event "ICC tourney 2375 (15 3)"]
[Site "Internet Chess Club"]
[Date "2021.02.06"]
[Round "1"]
[White "levfmarcus"]
[Black "tistime"]
[Result "0-1"]
[ICCResult "White resigns"]
[WhiteElo "1616"]
[BlackElo "821"]
[Opening "Caro-Kann: advance variation"]
[ECO "B12"]
[NIC "CK.04"]
[Time "11:00:37"]
[PlyCount "64"]
[TimeControl "900+3"]

1. d4 c6 2. e4 d5 3. e5 Bf5 4. Nf3 e6 5. Bd3 Bxd3 6. Qxd3 c5 7. c3 Nc6 8.
O-O h6 9. dxc5 Bxc5 10. Qb5 Qb6 11. a4 a6 12. Qd3 Nge7 13. b4 Nxb4 14. cxb4
Bxb4 15. Be3 Qc7 16. Nbd2 Nc6 17. Rfc1 Nxe5 18. Rxc7 Nxd3 19. Rxb7 a5 20.
Nb3 O-O 21. Nfd4 Rfc8 22. Bd2 Rc4 23. Kf1 Bxd2 24. Ke2 Bc3 25. Kxd3 Bxa1
26. Nxa1 Rxa4 27. Nac2 Rc8 28. f4 Ra2 29. g4 f6 30. h4 e5 31. Nf3 e4+ 32.
Ke3 exf3 { White resigns } 0-1

[Event "ICC tourney 2375 (15 3)"]
[Site "Internet Chess Club"]
[Date "2021.02.06"]
[Round "1"]
[White "blueocean07"]
[Black "dMerc37"]
[Result "0-1"]
[ICCResult "White forfeits on time"]
[WhiteElo "1737"]
[BlackElo "1466"]
[Opening "QGD: exchange, positional line"]
[ECO "D35"]
[NIC "QO.16"]
[Time "11:00:30"]
[PlyCount "58"]
[TimeControl "900+3"]

1. d4 d5 2. c4 e6 3. Nc3 Nf6 4. cxd5 exd5 5. Bg5 Be7 6. Nf3 h6 7. Bh4 c5 8.
e3 Nc6 9. Bd3 cxd4 10. exd4 Bg4 11. Bb5 O-O 12. O-O Qb6 13. Bxc6 bxc6 14.
Na4 Bxf3 15. Nxb6 Bxd1 16. Nxa8 Re8 17. Rfxd1 Rxa8 18. Re1 Re8 19. Bxf6
gxf6 20. Re3 f5 21. Rae1 Kf8 22. Kf1 f4 23. Re5 a5 24. a3 a4 25. R1e2 h5
26. Ke1 h4 27. h3 f6 28. Re6 Kf7 29. Kd1 Kf8 { White forfeits on time } 0-1

[Event "ICC tourney 2375 (15 3)"]
[Site "Internet Chess Club"]
[Date "2021.02.06"]
[Round "1"]
[White "byumitchell"]
[Black "mohitbayyarapu"]
[Result "0-1"]
[ICCResult "White resigns"]
[WhiteElo "1471"]
[BlackElo "1742"]
[Opening "Sicilian: Kan, 5.Nc3"]
[ECO "B43"]
[NIC "SI.41"]
[Time "11:01:21"]
[PlyCount "72"]
[TimeControl "900+3"]

1. e4 c5 2. Nf3 e6 3. d4 cxd4 4. Nxd4 a6 5. Nc3 Qc7 6. Be2 Nf6 7. f3 b5 8.
a3 Bb7 9. Be3 Be7 10. O-O d6 11. Kh1 O-O 12. Bg5 Nc6 13. Nxc6 Bxc6 14. Qd2
Rfd8 15. Bd3 d5 16. Rae1 d4 17. Ne2 e5 18. c3 dxc3 19. Qxc3 Qb7 20. Rc1
Rac8 21. Qb3 h6 22. Bh4 Bd7 23. Bg3 Be6 24. Qd1 Bc4 25. Rc3 b4 26. axb4
Bxb4 27. Bxe5 Bxc3 28. bxc3 Bxd3 29. Bxf6 Bxe2 30. Qxe2 gxf6 31. Qe3 Kg7
32. Qf4 Qb5 33. Kg1 Qc5+ 34. Kh1 Qe5 35. Qg3+ Qxg3 36. hxg3 Rxc3 { White
resigns } 0-1

[Event "ICC tourney 2375 (15 3)"]
[Site "Internet Chess Club"]
[Date "2021.02.06"]
[Round "1"]
[White "swordfish89198"]
[Black "GSHenry"]
[Result "1-0"]
[ICCResult "Black checkmated"]
[WhiteElo "1198"]
[BlackElo "1670"]
[Opening "Caro-Kann: exchange variation"]
[ECO "B13"]
[NIC "CK.02"]
[Time "11:00:32"]
[PlyCount "153"]
[TimeControl "900+3"]

1. e4 c6 2. d4 d5 3. exd5 cxd5 4. Nf3 Nc6 5. c4 Nf6 6. Nc3 Bg4 7. cxd5 Nxd5
8. Qb3 Nb6 9. d5 Bxf3 10. gxf3 Ne5 11. Bb5+ Ned7 12. O-O Qc7 13. Re1 a6 14.
Bxd7+ Nxd7 15. Ne4 O-O-O 16. d6 exd6 17. Bf4 Kb8 18. Red1 Ne5 19. Rac1 Qe7
20. Bxe5 dxe5 21. Rxd8+ Qxd8 22. Qxf7 Qe7 23. Qf5 Qd8 24. Qxe5+ Ka8 25. Ng5
Bd6 26. Qe3 Re8 27. Ne4 g5 28. Qb3 Bf4 29. Rd1 Qc7 30. Ng3 Rd8 31. Rxd8+
Qxd8 32. Kg2 Qc7 33. Qg8+ Ka7 34. b3 h6 35. Qg6 Qc6 36. Qxc6 bxc6 37. Kh3
Bd6 38. Kg4 Kb6 39. Kh5 Bf8 40. Nf5 Kc5 41. Nxh6 Be7 42. Nf7 Kb4 43. Nxg5
Ka3 44. Kg4 Kxa2 45. h4 Bf6 46. h5 Kxb3 47. Kf5 Bh8 48. Nf7 Bd4 49. Ne5 Bc5
50. h6 Bf8 51. h7 Bg7 52. Nxc6 Bh8 53. Kg6 Kc4 54. f4 Kc5 55. Na5 Kb5 56.
Nb3 Kb4 57. Nc1 a5 58. f5 Kc5 59. f6 Kd6 60. f4 a4 61. f7 Ke7 62. f5 a3 63.
Na2 Bb2 64. f6+ Bxf6 65. f8=Q+ Kxf8 66. Kxf6 Ke8 67. h8=Q+ Kd7 68. Qh3+ Kc6
69. Qxa3 Kd5 70. Qa4 Kd6 71. Qb5 Kc7 72. Qa6 Kd7 73. Kf5 Ke7 74. Qe6+ Kf8
75. Qd7 Kg8 76. Kg6 Kf8 77. Qf7# { Black checkmated } 1-0

[Event "ICC tourney 2375 (15 3)"]
[Site "Internet Chess Club"]
[Date "2021.02.06"]
[Round "1"]
[White "drmikemc"]
[Black "SFB-TU"]
[Result "1/2-1/2"]
[ICCResult "White stalemated"]
[WhiteElo "1666"]
[BlackElo "1177"]
[Opening "Sicilian defense"]
[ECO "B30"]
[NIC "SI.31"]
[Time "11:01:21"]
[PlyCount "152"]
[TimeControl "900+3"]

1. e4 c5 2. Nf3 Nc6 3. Bc4 d6 4. O-O g6 5. h3 Bg7 6. c3 Nf6 7. Re1 O-O 8.
a3 Bd7 9. d3 a6 10. Bg5 b5 11. Bxf6 Bxf6 12. Bd5 Bg7 13. Nbd2 e6 14. Bxc6
Bxc6 15. b4 Bxc3 16. Ra2 Bg7 17. bxc5 dxc5 18. Nb3 c4 19. dxc4 bxc4 20.
Nbd4 Bb5 21. a4 Bd7 22. e5 Rc8 23. Qc1 Qc7 24. Qc3 Rfd8 25. Nc2 a5 26. Ne3
Qc5 27. Nd2 Bxe5 28. Qxc4 Qxc4 29. Ndxc4 Bc3 30. Rc1 Bb4 31. Rcc2 Bc6 32.
Ne5 Bd5 33. Nxd5 exd5 34. Nc6 Re8 35. Rc1 d4 36. Rc4 Bc3 37. f3 Re6 38.
Nxa5 Rxc4 39. Nxc4 Rc6 40. Ne5 Rd6 41. Nd3 Ba5 42. Kf2 Kg7 43. Rb2 Rb6 44.
Rxb6 Bxb6 45. f4 f5 46. Kf3 Kf6 47. g4 h6 48. h4 fxg4+ 49. Kxg4 h5+ 50. Kf3
Kf5 51. Ne5 Bc7 52. Ke2 Kxf4 53. Nxg6+ Kg4 54. Kd3 Bb6 55. Ke4 Kg3 56. Kd3
Kf3 57. a5 Bxa5 58. Kxd4 Bd8 59. Ke5 Kg4 60. Ke4 Bxh4 61. Nxh4 Kxh4 62. Kf4
Kh3 63. Kf3 h4 64. Kf2 Kg4 65. Kg2 Kg5 66. Kh3 Kh5 67. Kg2 Kg4 68. Kh2 h3
69. Kg1 Kg3 70. Kh1 Kg4 71. Kh2 Kh4 72. Kg1 Kg3 73. Kh1 Kf4 74. Kh2 Kg4 75.
Kg1 Kg3 76. Kh1 h2 { White stalemated } 1/2-1/2

[Event "ICC tourney 2375 (15 3)"]
[Site "Internet Chess Club"]
[Date "2021.02.06"]
[Round "1"]
[White "LucaMik1"]
[Black "fabianolivares"]
[Result "0-1"]
[ICCResult "White forfeits on time"]
[WhiteElo "1408"]
[BlackElo "1714"]
[Opening "QGD Slav defense: exchange variation"]
[ECO "D10"]
[NIC "SL.01"]
[Time "11:00:52"]
[PlyCount "72"]
[TimeControl "900+3"]

1. d4 d5 2. c4 c6 3. cxd5 cxd5 4. Nc3 Nf6 5. Bg5 e6 6. Nf3 Nc6 7. e3 Be7 8.
a3 O-O 9. Bd3 h6 10. Bh4 a6 11. O-O b5 12. b4 Bb7 13. Qe2 Rc8 14. Rfc1 Re8
15. Bg3 Qb6 16. Qf1 Nd7 17. h3 Bf6 18. Ra2 Rcd8 19. Rac2 Nf8 20. Nxb5 axb5
21. Bxb5 Rc8 22. a4 Nxb4 23. Bc7 Qa7 24. Bxe8 Nxc2 25. Bxf7+ Kxf7 26. Rxc2
Ba6 27. Qc1 Bc4 28. Bg3 Qxa4 29. Nd2 Nd7 30. e4 Bxd4 31. exd5 exd5 32. Nf3
Bf6 33. Re2 Ra8 34. Re1 Qa1 35. Qe3 Qa6 36. Nd4 Nc5 { White forfeits on
time } 0-1

[Event "ICC tourney 2375 (15 3)"]
[Site "Internet Chess Club"]
[Date "2021.02.06"]
[Round "1"]
[White "sujashankar"]
[Black "awakeprize"]
[Result "0-1"]
[ICCResult "White checkmated"]
[WhiteElo "1749"]
[BlackElo "1479"]
[Opening "Sicilian defense"]
[ECO "B30"]
[NIC "SI.31"]
[Time "11:00:34"]
[PlyCount "100"]
[TimeControl "900+3"]

1. e4 c5 2. Nf3 Nc6 3. c3 e6 4. d4 cxd4 5. cxd4 d5 6. e5 Qb6 7. Nc3 Nge7 8.
Bd3 Bd7 9. Bc2 Nb4 10. Bb1 Nc8 11. a3 Na6 12. O-O h6 13. b4 Nc7 14. Be3 Be7
15. Bc2 Nb5 16. Na4 Qd8 17. Nc5 Bc6 18. a4 Nc7 19. b5 Nxb5 20. axb5 Bxb5
21. Ba4 Bxa4 22. Qxa4+ Kf8 23. Nxb7 Qc7 24. Na5 Nb6 25. Qc6 Qd8 26. Nb7 Qb8
27. Rfb1 g6 28. Nc5 Kg7 29. Nd7 Qe8 30. Rxb6 axb6 31. Rxa8 Qxa8 32. Qxa8
Rxa8 33. g3 b5 34. Nc5 Ra1+ 35. Kg2 g5 36. Bd2 Rb1 37. Ba5 b4 38. Nd2 Rb2
39. Ndb3 Bxc5 40. Nxc5 b3 41. Nd3 Rc2 42. Bd8 Rd2 43. Nc5 b2 44. Nb3 Rd1
45. Bf6+ Kg6 46. Nc5 b1=Q 47. Nd7 Kh7 48. Nc5 Rg1+ 49. Kh3 Qf5+ 50. g4
Qxg4# { White checkmated } 0-1

[Event "ICC tourney 2375 (15 3)"]
[Site "Internet Chess Club"]
[Date "2021.02.06"]
[Round "1"]
[White "JamesS"]
[Black "quale"]
[Result "0-1"]
[ICCResult "White resigns"]
[WhiteElo "1450"]
[BlackElo "1724"]
[Opening "Giuoco Piano"]
[ECO "C54"]
[NIC "IG.02"]
[Time "11:01:41"]
[PlyCount "106"]
[TimeControl "900+3"]

1. e4 e5 2. Nf3 Nc6 3. Bc4 Bc5 4. c3 Nf6 5. d3 d6 6. h3 O-O 7. Bb3 a6 8.
Bc2 h6 9. Nbd2 Re8 10. O-O d5 11. exd5 Nxd5 12. Ne4 Ba7 13. Qe2 Bf5 14. Be3
Nxe3 15. fxe3 Bxe4 16. dxe4 Qe7 17. Bb3 Kh8 18. Nh2 f6 19. Nf3 Na5 20. Bc2
Qc5 21. Rae1 Nc4 22. Kh1 Nxe3 23. Nh4 Nxf1 24. Rxf1 Qe3 25. Qc4 Kh7 26. Nf5
Qc5 27. Qf7 Rg8 28. Bb3 Raf8 29. Qh5 Qb5 30. Rd1 Qe8 31. Bxg8+ Rxg8 32.
Qxe8 Rxe8 33. Rd7 Rg8 34. Rxc7 Kg6 35. Ne7+ Kh7 36. Rxb7 Be3 37. Nf5 Bc1
38. b3 Bb2 39. c4 Ba3 40. Ra7 Bc5 41. Rxa6 Rd8 42. Kh2 g6 43. Ng3 Rd1 44.
Ne2 Kg7 45. Rc6 Be3 46. Rc7+ Kf8 47. a4 Re1 48. Rc8+ Ke7 49. a5 Rxe2 50. a6
Kd7 51. Rg8 Bf4+ 52. Kg1 Bg3 53. Rg7+ Ke6 { White resigns } 0-1

[Event "ICC tourney 2375 (15 3)"]
[Site "Internet Chess Club"]
[Date "2021.02.06"]
[Round "1"]
[White "PaulKaspar"]
[Black "AdityaBang"]
[Result "0-1"]
[ICCResult "White resigns"]
[WhiteElo "1717"]
[BlackElo "1416"]
[Opening "Pirc: classical, h3 system"]
[ECO "B08"]
[NIC "PU.10"]
[Time "11:01:06"]
[PlyCount "134"]
[TimeControl "900+3"]

1. e4 d6 2. d4 Nf6 3. Nc3 g6 4. Nf3 Bg7 5. h3 O-O 6. Bd3 Nc6 7. O-O Nd7 8.
Be3 e5 9. d5 Ne7 10. Ne2 f5 11. c4 f4 12. Bd2 Nc5 13. Bc2 a5 14. b4 axb4
15. Bxb4 Nd7 16. a4 b6 17. Qd2 Nf6 18. a5 bxa5 19. Rxa5 Rxa5 20. Bxa5 Ba6
21. Bd3 h6 22. Ra1 Bb7 23. Qb4 Qc8 24. Nc3 c5 25. Qb6 Qd7 26. Nb5 Nc8 27.
Qc7 Qxc7 28. Bxc7 Ne8 29. Nh4 Kh7 30. Be2 Bf6 31. Nf3 Nxc7 32. Nxc7 Nb6 33.
Ra7 Rb8 34. Nd2 Nc8 35. Ra3 Bd8 36. Nb5 Ra8 37. Rxa8 Bxa8 38. Nb3 Bb7 39.
f3 Ba6 40. Na3 Na7 41. Bd3 Bc8 42. Kf2 Bd7 43. g4 fxg3+ 44. Kxg3 Bg5 45.
Bf1 Bd8 46. f4 exf4+ 47. Kxf4 Ba4 48. Na1 g5+ 49. Ke3 Bd7 50. Nb3 Ba4 51.
Nd2 Ba5 52. Bd3 Kg7 53. Nf3 Kf6 54. Bc2 Bd7 55. Ng1 Bc3 56. Kf3 Bd4 57. Ne2
Bxh3 58. Nxd4 cxd4 59. Kg3 Bd7 60. Bd3 h5 61. Nc2 Ke5 62. Ne1 h4+ 63. Kg2
g4 64. Kh2 g3+ 65. Kg2 Kf4 66. Nf3 h3+ 67. Kg1 Kxf3 { White resigns } 0-1

[Event "ICC tourney 2375 (15 3)"]
[Site "Internet Chess Club"]
[Date "2021.02.06"]
[Round "1"]
[White "rosealec"]
[Black "jeffreyallen"]
[Result "1-0"]
[ICCResult "Black resigns"]
[WhiteElo "1228"]
[BlackElo "1704"]
[Opening "Four knights: Spanish, classical defense"]
[ECO "C48"]
[NIC "KP.03"]
[Time "11:37:16"]
[PlyCount "127"]
[TimeControl "900+3"]

1. e4 e5 2. Nc3 Nf6 3. Nf3 Nc6 4. Bb5 Bc5 5. O-O d6 6. h3 O-O 7. Bxc6 bxc6
8. d3 Re8 9. Na4 Bb6 10. Nxb6 cxb6 11. Bg5 Bb7 12. Re1 Kh8 13. Nh2 Rg8 14.
Qf3 h6 15. Bxf6 Qxf6 16. Qxf6 gxf6 17. g3 Kh7 18. Ng4 Rg6 19. Ne3 d5 20.
Kh2 dxe4 21. dxe4 Rd8 22. Rad1 Rgg8 23. f3 h5 24. h4 Kg6 25. Nf5 Ba6 26.
Ne7+ Kg7 27. Nxg8 Rxg8 28. Rd7 f5 29. exf5 Bc8 30. Rxa7 Bxf5 31. Rxe5 Kf6
32. Re2 Rd8 33. c3 Rd3 34. Ra6 Rxf3 35. Rxb6 Be6 36. Rxc6 Rf1 37. Kg2 Ra1
38. a3 Ke7 39. Rb6 Kd7 40. Kf2 Bc4 41. Re1 Ra2 42. Ke3 Be6 43. Kf4 Kc7 44.
Rb4 Kd6 45. Kg5 Bg4 46. Rf1 f5 47. Rxf5 Bxf5 48. Kxf5 Ra1 49. g4 hxg4 50.
Kxg4 Rg1+ 51. Kf5 Rf1+ 52. Rf4 Rb1 53. Rf2 Rh1 54. Kg5 Ke5 55. h5 Rg1+ 56.
Kh6 Rg8 57. Kh7 Rg5 58. h6 Ke6 59. Kh8 Ke7 60. h7 Ke8 61. a4 Ra5 62. Kg7
Ra7+ 63. Kg6 Ra6+ 64. Rf6 { Black resigns } 1-0

[Event "ICC tourney 2375 (15 3)"]
[Site "Internet Chess Club"]
[Date "2021.02.06"]
[Round "2"]
[White "IveDoneEnough"]
[Black "Kolten112358"]
[Result "1-0"]
[ICCResult "Black resigns"]
[WhiteElo "1645"]
[BlackElo "1215"]
[Opening "Caro-Kann: two knights, 3...Bg4"]
[ECO "B11"]
[NIC "CK.01"]
[Time "12:30:07"]
[PlyCount "39"]
[TimeControl "900+3"]

1. e4 c6 2. Nc3 d5 3. Nf3 Bg4 4. h3 Bxf3 5. Qxf3 e6 6. d3 Nd7 7. Bd2 Qb6 8.
O-O-O d4 9. Ne2 a5 10. c3 Bc5 11. cxd4 Bxd4 12. Nxd4 Qxd4 13. Bc3 Qc5 14.
d4 Qd6 15. d5 b5 16. Bxg7 Qc5+ 17. Qc3 Qxc3+ 18. bxc3 Ngf6 19. dxc6 Ne5 20.
Bxh8 { Black resigns } 1-0

[Event "ICC tourney 2375 (15 3)"]
[Site "Internet Chess Club"]
[Date "2021.02.06"]
[Round "2"]
[White "dlevitin"]
[Black "ChrisHinkle"]
[Result "0-1"]
[ICCResult "White resigns"]
[WhiteElo "1087"]
[BlackElo "1513"]
[Opening "Queen's pawn: London system"]
[ECO "A45"]
[NIC "QP.07"]
[Time "12:30:30"]
[PlyCount "58"]
[TimeControl "900+3"]

1. d4 Nf6 2. Bf4 e6 3. e3 c5 4. c3 Nc6 5. Bd3 d5 6. Nf3 Nh5 7. Bg3 Nxg3 8.
hxg3 h6 9. Nbd2 Bd6 10. Qe2 Qc7 11. g4 cxd4 12. cxd4 Bd7 13. g5 h5 14. g6
f6 15. Nb1 Nb4 16. Nc3 Nxd3+ 17. Qxd3 O-O-O 18. O-O-O Kb8 19. Kb1 a6 20.
Nd2 Rc8 21. Qe2 Be8 22. g4 Bxg6+ 23. Ka1 h4 24. Rh3 f5 25. Rdh1 Be7 26.
gxf5 Bxf5 27. R3h2 g5 28. Nf3 Be4 29. Nxe4 Qc1+ { White resigns } 0-1

[Event "ICC tourney 2375 (15 3)"]
[Site "Internet Chess Club"]
[Date "2021.02.06"]
[Round "2"]
[White "fabianolivares"]
[Black "onektworta"]
[Result "1-0"]
[ICCResult "Black resigns"]
[WhiteElo "1714"]
[BlackElo "1272"]
[Opening "Queen's pawn game"]
[ECO "D02"]
[NIC "QP.08"]
[Time "12:30:21"]
[PlyCount "59"]
[TimeControl "900+3"]

1. d4 d5 2. Nf3 e6 3. Bf4 c5 4. e3 Nc6 5. Nbd2 Bd7 6. c3 c4 7. Be2 Nf6 8.
Qc2 a5 9. O-O Be7 10. h3 h6 11. e4 b5 12. Ne5 g5 13. Bh2 b4 14. f4 bxc3 15.
bxc3 Bd6 16. Nxc6 Bxc6 17. e5 gxf4 18. exd6 Qxd6 19. Bxf4 Qe7 20. Be5 Rg8
21. Bxf6 Qd7 22. Nf3 Rb8 23. Ne5 Qa7 24. Nxc6 Qc7 25. Nxb8 Qxb8 26. Be5 Qa8
27. Qh7 Rf8 28. Rab1 Qa7 29. Rb8+ Kd7 30. Rxf8 { Black resigns } 1-0